Map: Eternal Empire LE

Players

ViBE - Winner!

  • Race: Terran Terran
  • League: Master
  • Spawn Location: 1:00

Cheesus

  • Race: Zerg Zerg
  • League: Diamond
  • Spawn Location: 7:00

VOD

Have the link to the VOD?

Description

Time

  • Played on: Dec. 26, 2019, 9:17 p.m.
  • Length: 15:56
Show
View Real Time Build Order
Export as new Build Order

ViBE Terran - Winner!

Build Orders: 2 Factory, Reaper Expand, Mech 

Get SALT Encoding   

  12  0:00  SCV  
  13  0:12  SCV  
  14  0:17  Supply Depot  
  14  0:25  SCV  
  15  0:39  SCV  
  15  0:40  Barracks  
  16  0:45  Refinery  
  16  0:51  SCV  
  17  1:03  SCV  
  18  1:15  SCV  
  19  1:31  Orbital Command  
  19  1:42  Command Center  
  19  1:52  Reaper  
  20  1:59  SCV  
  20  2:00  Supply Depot  
  21  2:08  Factory  
  21  2:16  Refinery  
  21  2:17  SCV  
  22  2:29  SCV, Barracks Reactor  
  23  2:41  SCV  
  24  2:53  SCV  
  24  2:56  Factory  
  25  3:05  SCV  
  25  3:10  Orbital Command  
  26  3:15  Supply Depot  
  26  3:16  Barracks Tech Lab  
  26  3:17  SCV  
  26  3:18  Hellion x2  
  31  3:30  SCV  
  32  3:38  SCV  
  32  3:39  Hellion  
  32  3:40  Supply Depot, Hellion  
  37  3:42  SCV  
  38  3:49  Cyclone  
  38  3:52  SCV  
  38  3:54  SCV  
  38  3:55  Infernal Pre-Igniter  
  43  4:02  Supply Depot  
  43  4:05  SCV, Hellion  
  46  4:11  Hellion  
  47  4:19  SCV x2  
  49  4:24  Supply Depot  
  49  4:27  Cyclone  
  49  4:28  Hellion  
  49  4:31  SCV x2  
  56  4:39  Hellion  
  56  4:43  SCV x2  
  60  4:48  Command Center  
  60  4:55  SCV x2, Refinery x2  
  62  5:03  Cyclone, Hellion  
  62  5:05  Hellion  
  69  5:12  SCV x2  
  71  5:22  Supply Depot x2  
  71  5:24  SCV x2  
  71  5:25  Mag-Field Accelerator  
  73  5:32  Hellion  
  73  5:35  Cyclone  
  78  5:43  SCV x2  
  78  5:49  Hellion  
  82  5:54  Hellion  
  84  6:07  Cyclone  
  84  6:10  Hellion  
  89  6:16  Command Center  
  89  6:22  SCV, Factory x2  
  89  6:23  Factory, Armory  
  89  6:24  Armory  
  90  6:34  Hellion x2  
  90  6:39  Cyclone  
  97  6:44  Engineering Bay  
  81  6:55  Widow Mine x2  
  81  6:57  Orbital Command  
  81  6:58  SCV x2  
  85  7:13  Missile Turret  
  85  7:14  Missile Turret, Factory Tech Lab x3  
  85  7:15  Missile Turret x2  
  75  7:25  Missile Turret  
  75  7:28  Missile Turret  
  69  7:36  SCV  
  65  7:42  Missile Turret  
  65  7:48  SCV x2  
  65  7:50  Hellion x12  
  67  7:56  Terran Vehicle And Ship Armor Level 1, Terran Vehicle Weapons Level 1  
  56  8:16  Missile Turret  
  56  8:17  Missile Turret  
  56  8:18  Missile Turret  
  56  8:19  Thor  
  56  8:24  SCV x2  
  56  8:25  SCV  
  59  8:37  Thor  
  59  8:41  Thor  
  59  8:49  SCV  
  59  8:50  SCV x2  
  59  8:54  Thor  
  68  8:56  Hellbat x2  
  68  9:00  Refinery  
  68  9:01  SCV  
  68  9:02  SCV, Refinery  
  74  9:03  SCV  
  75  9:14  SCV x2  
  75  9:15  SCV, Neosteel Armor  
  75  9:16  Supply Depot x2  
  78  9:26  SCV x2  
  78  9:27  SCV  
  81  9:32  Thor, Missile Turret x2  
  81  9:34  Hellbat x2  
  81  9:38  SCV x2  
  93  9:42  SCV  
  93  9:44  Planetary Fortress  
  94  9:50  SCV  
  95  9:53  Missile Turret x2  
  95  9:58  Thor  
  101  10:08  SCV x3  
  101  10:10  Hellbat x2  
  101  10:12  Terran Vehicle And Ship Armor Level 2  
  108  10:20  SCV x3  
  111  10:24  Thor  
  117  10:31  SCV  
  117  10:32  SCV x3  
  117  10:33  Refinery  
  121  10:35  Terran Vehicle Weapons Level 2  
  121  10:36  Refinery  
  121  10:43  SCV  
  121  10:46  SCV x2  
  124  10:51  Hellbat  
  124  10:52  Hellbat x4  
  124  10:55  Hi-Sec Auto Tracking  
  134  11:04  Command Center  
  134  11:11  Supply Depot, Siege Tank  
  134  11:12  Supply Depot x3  
  134  11:13  Siege Tank  
  134  11:18  Supply Depot  
  140  11:22  Sensor Tower  
  140  11:27  Sensor Tower  
  140  11:29  Sensor Tower  
  140  11:33  Siege Tank x2  
  134  11:59  Siege Tank x2  
  124  12:02  SCV x4  
  124  12:05  Siege Tank  
  129  12:12  Thor  
  129  12:13  Hellbat, Hellion  
  129  12:14  SCV x2  
  129  12:15  SCV x2  
  143  12:17  Missile Turret  
  143  12:26  SCV  
  143  12:27  SCV  
  145  12:33  Terran Vehicle And Ship Armor Level 3  
  145  12:36  Factory  
  145  12:37  Missile Turret, Factory  
  141  12:56  Thor x3  
  155  13:00  Hellion  
  155  13:01  SCV  
  155  13:02  SCV x3  
  159  13:08  Refinery  
  159  13:15  Terran Vehicle Weapons Level 3  
  159  13:16  Missile Turret  
  159  13:37  Missile Turret  
  159  13:39  Factory Reactor  
  159  13:40  Factory Tech Lab  
  159  13:41  Thor x2  
  159  13:43  Hellbat x3  
  159  13:44  Hellbat  
  159  13:47  Supply Depot  
  179  13:48  Supply Depot  
  179  13:49  Supply Depot  
  179  13:50  Planetary Fortress  
  177  13:58  Thor  
  183  14:31  Command Center  
  183  14:32  Command Center  
  183  14:35  Command Center  
  165  14:41  Thor x2  
  177  14:52  Thor x2  
Show
View Real Time Build Order
Export as new Build Order

Cheesus Zerg 

Build Orders: Hatch First, Lurkers 

Get SALT Encoding   

  12  0:01  Drone  
  13  0:13  Overlord  
  13  0:17  Drone  
  14  0:32  Drone  
  14  0:33  Drone  
  16  0:50  Hatchery  
  16  0:53  Drone  
  16  0:57  Drone  
  16  1:00  Drone  
  18  1:15  Spawning Pool  
  17  1:37  Hatchery  
  16  1:40  Drone x2  
  16  1:43  Extractor  
  16  1:46  Drone  
  18  1:53  Drone  
  19  2:05  Queen  
  19  2:08  Zergling x2  
  22  2:13  Zergling x2  
  23  2:16  Queen  
  25  2:27  Overlord  
  25  2:29  Drone  
  27  2:30  Drone  
  27  2:33  Drone  
  28  2:45  Drone  
  28  2:47  Drone  
  28  2:48  Metabolic Boost  
  28  2:50  Drone  
  31  2:57  Drone  
  32  2:59  Drone x2  
  32  3:04  Drone  
  35  3:07  Overlord  
  35  3:11  Drone  
  37  3:20  Drone x3  
  37  3:25  Lair  
  39  3:32  Drone  
  39  3:33  Drone  
  41  3:35  Extractor  
  41  3:37  Drone x3  
  41  3:38  Drone  
  44  3:42  Drone x2  
  47  3:51  Extractor  
  47  3:54  Extractor  
  45  3:55  Drone  
  45  3:56  Drone x2  
  45  3:57  Drone x2  
  45  3:59  Overlord  
  45  4:00  Overlord  
  50  4:17  Extractor  
  50  4:23  Zergling x6  
  50  4:24  Zergling x10  
  57  4:30  Evolution Chamber  
  56  4:32  Roach Warren, Evolution Chamber  
  54  4:42  Evolution Chamber  
  54  4:49  Overlord  
  54  4:54  Spire, Drone x3  
  54  4:59  Spine Crawler  
  55  5:00  Drone x4  
  55  5:01  Drone  
  55  5:02  Drone x2  
  62  5:12  Overlord  
  62  5:13  Overlord  
  62  5:17  Drone  
  62  5:18  Spine Crawler  
  62  5:24  Drone x3  
  65  5:33  Overlord  
  61  5:52  Overlord  
  59  6:06  Mutalisk x9  
  59  6:10  Mutalisk  
  71  6:14  Hatchery  
  70  6:21  Hatchery, Mutalisk  
  70  6:30  Infestation Pit  
  69  6:35  Hydralisk Den  
  65  6:59  Drone  
  65  7:00  Drone x3  
  69  7:18  Overlord x2  
  69  7:19  Overlord  
  65  7:39  Drone x6  
  65  7:40  Drone x4  
  75  7:50  Lurker Den, Hive  
  74  8:14  Hydralisk x5, Overlord  
  84  8:22  Extractor  
  84  8:23  Extractor  
  84  8:25  Drone  
  84  8:26  Drone x2  
  85  8:27  Drone  
  85  8:28  Queen, Drone x3  
  89  8:49  Drone x5  
  89  8:54  Hydralisk x2  
  98  8:59  Zerg Missile Weapons Level 1  
  98  9:03  Zerg Melee Weapons Level 1, Overlord  
  98  9:12  Hydralisk x4  
  106  9:17  Extractor, Overlord  
  106  9:18  Hatchery  
  106  9:22  Extractor  
  103  9:29  Spine Crawler, Drone  
  103  9:30  Spine Crawler, Drone x4  
  106  9:33  Drone x2  
  106  9:36  Lurker x7  
  115  9:39  Lurker  
  115  9:44  Hydralisk x3  
  122  9:58  Overlord  
  122  10:06  Overlord x5  
  122  10:16  Queen, Overlord x3  
  122  10:17  Viper  
  122  10:18  Viper  
  122  10:31  Lurker x3  
  122  10:34  Drone x6  
  131  10:42  Drone  
  132  10:43  Drone x3, Queen  
  132  10:45  Drone  
  132  10:47  Hydralisk  
  140  10:52  Hydralisk x2  
  140  10:53  Lurker x3  
  147  11:32  Hatchery  
  146  11:38  Hydralisk x2  
  148  11:40  Seismic Spines  
  128  12:01  Hydralisk x11  
  128  12:02  Hydralisk x3  
  142  12:10  Baneling Nest  
  142  12:13  Drone x8  
  149  12:19  Viper x2  
  155  12:31  Lurker x7  
  162  12:37  Adaptive Talons  
  146  13:03  Extractor  
  146  13:04  Extractor  
  144  13:08  Lurker x2  
  144  13:09  Lurker x4  
  144  13:10  Lurker  
  151  13:25  Zerg Missile Weapons Level 2  
  151  13:42  Overlord x2  
  151  13:48  Nydus Network  
  149  14:10  Hatchery  
  137  14:39  Viper x4  
  137  14:41  Zergling x2  
  137  14:42  Zergling x40  
  170  14:54  Overseer  
  170  14:56  Pneumatized Carapace  
Tags
 
Add a new tag
Caveats
  • Supply blocks, unpowered buildings, or Contaminate may cause inaccurate times.
  • Supply counts are checked every 10 seconds.